 Dungeon Crawl Stone Soup version 0.28-a0-268-g3f656e82c2 (webtiles) character file.

Game seed: 2846870497304331626

53 Malachi the Ruffian (level 3, -3/28 HPs)
             Began as a Draconian Transmuter on Aug 28, 2021.
             Was a Believer of Lugonu.
             Slain by an adder (4 damage)
             ... on level 2 of the Dungeon.
             The game lasted 00:01:24 (1485 turns).

Malachi the Ruffian (Draconian Transmuter)          Turns: 1485, Time: 00:01:25

Health: -3/28      AC:  5    Str: 13    XL:     3   Next: 64%
Magic:  6/6        EV: 12    Int: 13    God:    Lugonu [**....]
Gold:   21         SH:  0    Dex: 11    Spells: 5/6 levels left

rFire   . . .      SeeInvis .     - Unarmed
rCold   . . .      Faith    .   (no shield)
rNeg    . . .      Spirit   .   (armour unavailable)
rPois   .          Reflect  .   (helmet currently unavailable)
rElec   .          Harm     .   (no cloak)
rCorr   .          Rampage  .   (no gloves)
Will    .....                   (boots currently unavailable)
Stlth   +.........              (no amulet)
HPRegen 0.09/turn               (no ring)
MPRegen 0.10/turn               (no ring)

@: lethally poisoned (-3 -> -4), appendages (expiring)
A: horns 2, talons 2, AC +5, unfitting armour, cold-blooded
a: End Transformation, Renounce Religion, Depart the Abyss, Bend Space


You were on level 2 of the Dungeon.
You worshipped Lugonu.
Lugonu was pleased with you.
You had temporarily grown beastly horns and talons.
You visited 1 branch of the dungeon, and saw 2 of its levels.

You collected 21 gold pieces.

Inventory:

Scrolls
 a - 2 scrolls of amnesia {unknown}
 b - a scroll of enchant weapon {unknown}
 c - a scroll of enchant armour {unknown}


   Skills:
 + Level 1.3 Fighting
 + Level 2.4 Dodging
 * Level 3.7 Unarmed Combat
 + Level 2.3 Spellcasting
 + Level 2.3 Transmutations


You had 5 spell levels left.
You knew the following spells:

 Your Spells              Type           Power      Damage    Failure   Level
a - Beastly Appendage     Tmut           14%        N/A       10%         1

Your spell library contained the following spells:

 Spells                   Type           Power      Damage    Failure   Level
 Wereblood                Tmut           7%         N/A       14%         2
 Spider Form              Tmut/Pois      2%         N/A       41%         3
 Ice Form                 Ice/Tmut       4%         N/A       83%         4


Dungeon Overview and Level Annotations

Branches:
Dungeon (2/15)

Altars:
Lugonu

Shops:
D:1 =   D:2 ?


Innate Abilities, Weirdness & Mutations

You have temporarily grown beastly horns and talons.
Your plain brown scales are hard. (AC +5)
You cannot fit into any form of body armour.
You are cold-blooded and may be slowed by cold attacks.


Message History

Your headbutt misses the adder.
The adder is severely wounded.
You feel sick. The adder bites you.
You are more poisoned.
The adder poisons you! The adder bites you but does no damage.
You are too injured to fight recklessly!
You are too injured to fight recklessly!
You are too injured to fight recklessly!
You are too injured to fight recklessly!
You are too injured to fight recklessly!
You are too injured to fight recklessly!
You are too injured to fight recklessly!
You are too injured to fight recklessly!
You are too injured to fight recklessly!
You are too injured to fight recklessly!
You are too injured to fight recklessly!
You are too injured to fight recklessly!
You are too injured to fight recklessly!
You are too injured to fight recklessly!
You are too injured to fight recklessly!
You are too injured to fight recklessly!
You are too injured to fight recklessly!
You are too injured to fight recklessly!
You are too injured to fight recklessly!
Unknown command.
You hit the adder but do no damage.
The adder is severely wounded.
You feel sick.
The goblin shoots a stone.
The stone hits you. The adder closely misses you.
You barely miss the adder. Your headbutt misses the adder.
The adder is severely wounded.
You feel sick.
The goblin shoots a stone.
The stone hits you.
* * * LOW HITPOINT WARNING * * *
The adder barely misses you.
You feel sick. The adder barely misses you.
The goblin shoots a stone.
The stone hits you.
* * * LOW HITPOINT WARNING * * *
* * * LOW HITPOINT WARNING * * *
You feel sick. The adder bites you.
You die...

#.. . #.#
#.#### #..
#.....##.#
#........#
##...#.###.#
#..#......#
#....#S#.?#
#.###.#.##@# .#
#..........# #
#####.#.##.....
#.#.##.####
########.#.##.#
...........##.#
########.####.#
#.#....#####.#
#.#.##.......#


You could see an adder.

Vanquished Creatures
  2 adders (D:2)
  A dart slug (D:2)
  A bat (D:1)
  2 endoplasms (D:1)
  A giant cockroach (D:1)
  2 goblins
  2 hobgoblins (D:1)
  8 jackals (D:1)
  2 quokkas (D:1)
  4 ball pythons
  3 frilled lizards
  A rat (D:2)
29 creatures vanquished.

Notes
Turn   | Place    | Note
-------+----------+-------------------------------------------
     0 | D:1      | Malachi the Draconian Transmuter began the quest for the
                  | Orb.
     0 | D:1      | Reached XP level 1. HP: 16/16 MP: 3/3
   218 | D:1      | Found Sogoy's Jewellery Boutique.
   441 | D:1      | Reached XP level 2. HP: 21/23 MP: 3/5
  1015 | D:1      | Found a faded altar of an unknown god.
  1290 | D:1      | Became a worshipper of Lugonu the Unformed
  1290 | D:1      | Reached * piety under Lugonu
  1290 | D:1      | Reached ** piety under Lugonu
  1320 | D:2      | Found Seczyist's Magic Scroll Shoppe.
  1328 | D:2      | Reached XP level 3. HP: 25/28 MP: 4/6
  1485 | D:2      | HP: 1/28 [poisoned by an adder]
  1485 | D:2      | Slain by an adder

Illustrated notes

Levels and vault maps discovered:
D:1:      dpeg_arrival_oval, layout_rooms, hellmonk_ecumenical_altar_dog_temple,
          serial_shops, nicolae_shop_crystal, nrook_uturn,
          chequers_serial_rivers_large_a
D:2:      layout_loops_ring, serial_shops, nicolae_shop_trees

Skill      XL: |  1  2 |
---------------+-------+-----
Dodging        | 2 |  2.4
Fighting       | |  1.3
Unarmed Combat | |  3.7
Spellcasting   | |  2.3
Transmutations | |  2.3

Action                   || total
-------------------------++-------
Melee: Unarmed           ||    93
       Kick              ||    12
       Headbutt          ||    10
       Tailslap          ||     6
       Punch             ||     1
 Cast: Beastly Appendage ||    16
Armor: Skin              ||    37
Dodge: Dodged            ||    62

Table legend: (Time is in decaauts)
 A = Elapsed time spent in this place.
 B = Non-inter-level travel time spent in this place.
 C = Inter-level travel time spent in this place.
 D = Time resting spent in this place.
 E = Time spent auto-exploring this place.
 F = Levels seen in this place.
 G = Mean time per level.
                   A        B        C        D        E       F      G
               +--------+--------+--------+--------+--------+-----+--------+
         Total |   1490 |   1419 |     71 |    259 |    970 |   2 |  745.0 |
       Dungeon |   1490 |   1419 |     71 |    259 |    970 |   2 |  745.0 |
               +--------+--------+--------+--------+--------+-----+--------+

Top non-repeatable levels by time:
     D:1: 1313 daAuts
     D:2: 177 daAuts
